 Dungeon Crawl Stone Soup version 0.29-a0-1006-g0dd7720b37 (webtiles) character file.

Game seed: 3219226771689627214

126 Manisian the Caller (level 5, -2/29 HPs)
             Began as a Tengu Summoner on Aug 7, 2022.
             Slain by a hobgoblin
             ... wielding a +0 club
             ... led by Robin
              (9 damage)
             ... on level 3 of the Dungeon.
             The game lasted 00:12:21 (2779 turns).

Manisian the Caller (Tengu Summoner)                Turns: 2779, Time: 00:12:22

Health: -2/29      AC:  2    Str:  9    XL:     5   Next: 9%
Magic:  9/9        EV: 15    Int: 20    God:
Gold:   153        SH:  0    Dex: 14    Spells: 3/9 levels left

rFire   . . .      SeeInvis .   g - +1 rapier of Makhleb's Benevolence {vorpal, rElec rC++ rN+ Int+3}
rCold   + + .      Faith    .   (no shield)
rNeg    + . .      Spirit   .   a - +0 robe
rPois   .          Reflect  .   (helmet restricted)
rElec   +          Harm     .   (no cloak)
rCorr   .          Rampage  .   (no gloves)
Will    .....                   (boots unavailable)
Stlth   ++........              (no amulet)
HPRegen 0.09/turn               (no ring)
MPRegen 0.11/turn               (no ring)

@: flying quickly and evasively, quick
A: beak, talons 3, nimble flight
a: no special abilities


You were on level 3 of the Dungeon.
You visited 1 branch of the dungeon, and saw 3 of its levels.

You collected 153 gold pieces.

Inventory:

Hand Weapons
 f - a +1 dagger of venom
 g - the +1 rapier of Makhleb's Benevolence (weapon) {vorpal, rElec rC++ rN+ Int+3}
   (You found it on level 2 of the Dungeon)

   It inflicts extra damage upon your enemies.
   Int:       It affects your intelligence (+3).
   rC:        It greatly protects you from cold.
   rElec:     It insulates you from electricity.
   rN:        It protects you from negative energy.
 i - a +3 short sword of electrocution
 j - a +2 dagger of speed
Armour
 a - a +0 robe (worn)
Jewellery
 e - an amulet of guardian spirit
 q - a +6 ring of strength
Wands
 m - a wand of paralysis (8)
Scrolls
 k - a scroll of butterflies
 l - 2 scrolls of identify
Potions
 b - a potion of magic
 c - 2 potions of mutation
 d - a potion of might {unknown}
 h - 2 potions of cancellation
 o - a potion of haste {unknown}
 p - a potion of attraction {unknown}


   Skills:
 + Level 1.2 Fighting
 + Level 0.8 Short Blades
 + Level 2.5 Dodging
 * Level 3.0 Stealth
 + Level 2.5 Spellcasting
 + Level 1.1 Conjurations
 + Level 5.8 Summonings
 * Level 0.4 Translocations


You had 3 spell levels left.
You knew the following spells:

 Your Spells              Type           Power      Damage    Failure   Level
a - Summon Small Mammal   Summ           100%       N/A       1%          1
b - Magic Dart            Conj           28%        1d4       10%         1
c - Call Imp              Summ           25%        N/A       1%          2
d - Blink                 Tloc           8%         N/A       19%         2

Your spell library contained the following spells:

 Spells                   Type           Power      Damage    Failure   Level
 Call Canine Familiar     Summ           25%        N/A       4%          3
 Searing Ray              Conj           14%        2d5       14%         2
 Summon Guardian Golem    Hex/Summ       14%        N/A       14%         3
 Gell's Gravitas          Tloc           4%         N/A       36%         3
 Lesser Beckoning         Tloc           4%         N/A       36%         3
 Teleport Other           Tloc           4%         N/A       36%         3
 Summon Lightning Spire   Summ/Air       14%        N/A       41%         4
 Fulminant Prism          Conj/Hex       2%         3d6       75%         4
 Manifold Assault         Tloc           4%         N/A       98%         5
 Dispersal                Tloc           2%         N/A       100%        6


Dungeon Overview and Level Annotations

Branches:
Dungeon (3/15)

Altars:
Hepliaklqana
Kikubaaqudgha
Uskayaw
Vehumet

Annotations:
D:3 Robin


Innate Abilities, Weirdness & Mutations

You have a beak for a mouth.
You have claws for feet.
Your magical nature lets you fly swiftly and evasively.


Message History

Found 8 gold pieces.
You now have 141 gold pieces (gained 8).
An endoplasm comes into view.
You hear the rusting of a very distant drain.
The endoplasm quivers.
The endoplasm closely misses you.
You hit the endoplasm.
The endoplasm is severely wounded.
The endoplasm hits you.
* * * LOW HITPOINT WARNING * * *
You hit the endoplasm.
You kill the endoplasm!
Found 3 stones and 12 gold pieces.
You now have 153 gold pieces (gained 12).
You reach down and open the door.
Found a faded altar of an unknown god.
There is an open door here.
Found a hazy altar of Hepliaklqana.
Found a stone staircase leading down.
There is an open door here.
You hear the brisk rusting of a distant drain.
The goblin shouts!
You hear a shout!
The goblin shouts!
You hear a shout! x6
The hobgoblin shouts!
The goblin shouts!
Robin roars a battlecry!
The goblins go into a battle-frenzy!
The hobgoblin shouts!
You hit the goblin. Your kick misses the goblin.
The goblin is heavily wounded.
Robin roars a battlecry!
You closely miss the goblin. Your peck misses the goblin.
The goblin hits you with a +0 dagger. The goblin closely misses you.
You hit the goblin.
You kill the goblin!
The goblin closely misses you.
You barely miss the goblin. Your kick misses the goblin.
The hobgoblin completely misses you. The goblin hits you with a +0 club.
* * * LOW HITPOINT WARNING * * *
You hit the goblin. You claw the goblin.
You kill the goblin!
The hobgoblin hits you with a +0 club!
You die...

#.# # #..P♣♣.
P.#### #.#
#.##.... .g.5. #.#
#......♣♣♣♣gg$####
#.#
#gg.♣♣P♣......#
#.# #ggg...g...#
#.# #ggg.gg§g#.#
#.# #gg###g#.# #.#
##g# #g#.# #.#
###@# #g#.# #.#
#..)# #.#.#
#.#####.### #.#.#
#.......# #.#.#
######### #.. ####


You could see Robin, 4 hobgoblins and 6 goblins.

Vanquished Creatures
  2 orc wizards (D:3)
  6 ball pythons
  6 endoplasms
  A giant cockroach (D:1)
  9 goblins
  2 hobgoblins
  3 jackals (D:1)
  3 quokkas
  3 bats
  A frilled lizard (D:1)
  6 kobolds
  3 rats
45 creatures vanquished.

Vanquished Creatures (collateral kills)
  An adder (D:3)
  2 endoplasms (D:1)
  A giant cockroach (D:1)
  2 goblins (D:1)
  2 hobgoblins (D:1)
  A jackal (D:1)
  4 kobolds
  A bat (D:2)
  A frilled lizard (D:1)
  2 rats (D:1)
17 creatures vanquished.

Vanquished Creatures (others)
  5 fungi (D:3)
  7 plants (D:3)
12 creatures vanquished.

Grand Total: 74 creatures vanquished

Notes
Turn   | Place    | Note
-------+----------+-------------------------------------------
     0 | D:1      | Manisian the Tengu Summoner began the quest for the Orb.
     0 | D:1      | Reached XP level 1. HP: 10/10 MP: 4/4
    29 | D:1      | Reached skill level 5 in Summonings
    47 | D:1      | Learned a level 1 spell: Magic Dart
   241 | D:1      | Reached XP level 2. HP: 16/16 MP: 6/6
   642 | D:1      | Learned a level 2 spell: Call Imp
   666 | D:1      | Reached XP level 3. HP: 20/20 MP: 2/7
  1642 | D:2      | Identified the +1 rapier of Makhleb's Benevolence {vorpal,
                  | rElec rC++ rN+ Int+3}
  1970 | D:2      | Learned a level 2 spell: Blink
  2172 | D:2      | Reached XP level 4. HP: 24/24 MP: 8/8
  2479 | D:3      | Noticed Robin
  2569 | D:3      | Reached skill level 1 in Fighting
  2569 | D:3      | Reached skill level 1 in Conjurations
  2604 | D:3      | Found an ancient bone altar of Kikubaaqudgha.
  2619 | D:3      | Found a radiant altar of Vehumet.
  2622 | D:3      | HP: 1/25 [orc wizard/puff of flame (6)]
  2624 | D:3      | Gained mutation: Your magical nature lets you fly swiftly
                  | and evasively. [Tengu growth]
  2624 | D:3      | Reached XP level 5. HP: 1/29 MP: 9/9
  2658 | D:3      | Found a hide-covered altar of Uskayaw.
  2727 | D:3      | Found a faded altar of an unknown god.
  2732 | D:3      | Found a hazy altar of Hepliaklqana.
  2779 | D:3      | Slain by a hobgoblin

Illustrated notes

Levels and vault maps discovered:
D:1:      spicycebolla_arrival_xxxplode, layout_rooms
D:2:      layout_loops_cross, minmay_pentomino_z2
D:3:      layout_basic, palyth_temple_overflow_mages, nicolae_uskayaw_suspiria,
          nicolae_overflow_ecumenical_swirl, mainiacjoe_overflow_boulevard,
          gup_sewer_entry_spiral, dreamdust_ecumenical_altar_grove, uniq_robin

Skill      XL: |  1  2  3  4 |
---------------+-------------+-----
Summonings     | 5 |  5.8
Fighting       | 1 |  1.2
Conjurations   | 1 |  1.1
Stealth        | 3 |  3.0
Short Blades   | |  0.8
Dodging        | |  2.5
Spellcasting   | |  2.5
Translocations | |  0.4

Action                   |  1- 3 |  4- 6 || total
-------------------------+-------+-------++-------
Melee: Dagger            |    38 |       ||    38
       Unarmed           |     2 |       ||     2
       Peck              |     9 |     2 ||    11
       Kick              |    10 |     8 ||    18
       Rapier            |    14 |    32 ||    46
       Short sword       |     6 |       ||     6
       Punch             |     2 |       ||     2
 Cast: Magic Dart        |    32 |       ||    32
       Summon Small Mamm |    12 |     2 ||    14
       Call Imp          |     5 |     1 ||     6
  Use: Scroll            |     1 |     6 ||     7
 Stab: Sleeping          |     4 |       ||     4
Armor: Robe              |    14 |     1 ||    15
Dodge: Dodged            |    38 |    25 ||    63

Table legend: (Time is in decaauts)
 A = Elapsed time spent in this place.
 B = Non-inter-level travel time spent in this place.
 C = Inter-level travel time spent in this place.
 D = Time resting spent in this place.
 E = Time spent auto-exploring this place.
 F = Levels seen in this place.
 G = Mean time per level.
                   A        B        C        D        E       F      G
               +--------+--------+--------+--------+--------+-----+--------+
         Total |   2770 |   2745 |     25 |    379 |   1503 |   3 |  923.3 |
       Dungeon |   2770 |   2745 |     25 |    379 |   1503 |   3 |  923.3 |
               +--------+--------+--------+--------+--------+-----+--------+

Top non-repeatable levels by time:
     D:1: 1366 daAuts
     D:2: 1086 daAuts
     D:3: 317 daAuts
